 Dungeon Crawl Stone Soup version 0.25-a0-544-gee0576305d (webtiles) character file.

Game seed: 4313514010263812, levelgen mode: deterministic

51 cheekibreeki the Skirmisher (level 3, -13/35 HPs)
             Began as a Gnoll Wanderer on Feb 20, 2020.
             Was an Initiate of Ashenzari.
             Killed from afar by an orc (40 damage)
             ... with an exploding inner flame
             ... hexed by the player character
             ... on level 4 of the Dungeon.
             The game lasted 00:14:26 (1760 turns).

cheekibreeki the Skirmisher (Gnoll Wanderer)        Turns: 1760, Time: 00:14:27

Health: -13/35     AC: 11    Str: 12 (13) XL:     3   Next: 83%
Magic:  4/4        EV:  3    Int: 15 (17) God:    Ashenzari [......]
Gold:   66         SH:  8    Dex: 10 (13) Spells: 1/3 levels left

rFire    . . .     SeeInvis .   g - +2 falchion (elec)
rCold    . . .     Gourm    .   e - +0 kite shield
rNeg     . . .     Faith    .   c - +0 chain mail
rPois    .         Spirit   .   i - +2 helmet
rElec    .         Reflect  .   (no cloak)
rCorr    .         Harm     .   (no gloves)
MR       .....                  (no boots)
Stlth    ..........             n - amulet of the acrobat
HPRegen  0.11/turn              (no ring)
MPRegen  0.09/turn              (no ring)

@: no status effects
A: distributed training, fangs 1, strong nose
a: Curse Item, Renounce Religion


You were on level 4 of the Dungeon.
You worshipped Ashenzari.
Ashenzari was noncommittal.
You were not hungry.

You visited 1 branch of the dungeon, and saw 4 of its levels.

You collected 66 gold pieces.

Inventory:

Hand Weapons
 a - a +0 dagger
 b - a +0 whip
 g - a +2 falchion of electrocution (weapon)
Missiles
 q - 4 atropa-tipped darts (quivered)
Armour
 c - a +0 chain mail (worn)
 e - a +0 kite shield (worn)
 i - a +2 helmet (worn)
Jewellery
 n - an amulet of the acrobat (around neck)
Scrolls
 k - a scroll of immolation
 p - 2 scrolls of teleportation
Potions
 d - 3 potions of heal wounds {unknown}
 h - a potion of brilliance {unknown}
 j - a potion of lignification {unknown}
 m - a potion of might {unknown}
 o - a potion of berserk rage {unknown}
 r - a potion of cancellation {unknown}


   Skills:
 + Level 6.5 Fighting
 + Level 0.9 Short Blades
 + Level 4.5 Long Blades
 + Level 0.9 Axes
 + Level 0.9 Maces & Flails
 + Level 0.9 Polearms
 + Level 0.9 Staves
 + Level 0.9 Slings
 + Level 0.9 Bows
 + Level 0.9 Crossbows
 + Level 0.9 Throwing
 + Level 0.9 Armour
 + Level 0.9 Dodging
 + Level 0.9 Stealth
 + Level 4.5 Shields
 + Level 0.9 Unarmed Combat
 + Level 0.9 Spellcasting
 + Level 0.6 Conjurations
 + Level 0.6 Hexes
 + Level 0.6 Charms
 + Level 0.6 Summonings
 + Level 0.6 Necromancy
 + Level 0.6 Translocations
 + Level 0.6 Transmutations
 + Level 0.6 Fire Magic
 + Level 0.6 Ice Magic
 + Level 3.8 Air Magic
 + Level 0.6 Earth Magic
 + Level 2.1 Poison Magic
 + Level 1.0 Invocations
 + Level 0.9 Evocations


You had one spell level left.
You knew the following spells:

 Your Spells              Type           Power        Failure   Level  Hunger
a - Sting                 Tmut/Pois      #...         100%        1    ##.....
b - Corona                Hex            #......      100%        1    ##.....

Your spell library contained the following spells:

 Spells                   Type           Power        Failure   Level  Hunger
 Ensorcelled Hibernation  Hex/Ice        #.....       100%        2    ###....
 Confusing Touch          Hex            #.......     100%        3    ####...
 Dazzling Flash           Conj/Hex       #.....       100%        3    ####...
 Spider Form              Tmut/Pois      #.........   100%        3    ####...
 Tukima's Dance           Hex            #.......     100%        3    ####...


Dungeon Overview and Level Annotations

Branches:
Dungeon (4/15)
 Temple: D:4-7

Altars:
Ashenzari


Innate Abilities, Weirdness & Mutations

Your experience applies equally to all skills.
You have very sharp teeth.
Your uncanny sense of smell can sniff out nearby items.


Message History

Your chain mail prevents you from hitting Ijyb.
Ijyb is almost dead.
The orc hits you but does no damage. x3; Ijyb hits you but does no damage.
You closely miss Ijyb.
Ijyb is almost dead.
You block the orc's attack.
The orc hits you from afar with a +0 trident.
The orc hits you but does no damage. Ijyb hits you but does no damage.
The orc hits you.
You hit Ijyb.
Flame seeps out of Ijyb.
Lightning courses through Ijyb!
Ijyb explodes!
The fiery explosion engulfs the orc priest!!
The orc priest explodes!
The fiery explosion engulfs the orc!!
The orc explodes!
The fiery explosion engulfs the orc!!
The orc explodes!
The fiery explosion engulfs you!!!
Ouch! That really hurt!
You die...

... ..... #..
#...# .##.##...#
.........######
.............$.
.....§§§§#######
.....§§§§......#
∆
.....§§○o#####.#
#####+#@## #.#
#.# #.# #.# #<#
#.# ### #.. ###


You could see an orc (inner flame).

Vanquished Creatures
  2 adders (D:3)
  An ooze (D:2)
  A leopard gecko (D:3)
  2 orcs (D:3)
  3 goblins (D:2)
  6 hobgoblins
  3 quokkas
  3 bats
  A frilled lizard (D:3)
  A kobold (D:3)
  A quokka zombie (D:3)
  2 rats
26 creatures vanquished.

Notes
Turn   | Place    | Note
-------+----------+-------------------------------------------
     0 | D:1      | cheekibreeki the Gnoll Wanderer began the quest for the
                  | Orb.
     0 | D:1      | cheekibreeki set off with the following items: a +0 dagger,
                  | a +0 robe, a +0 kite shield, a ration; and the following
                  | spell memorised: Sting; and the following spells available
                  | to memorise: Spider Form
     0 | D:1      | Reached XP level 1. HP: 23/23 MP: 1/1
   574 | D:2      | Reached XP level 2. HP: 28/29 MP: 2/2
  1088 | D:3      | Found a shattered altar of Ashenzari.
  1091 | D:3      | Became a worshipper of Ashenzari the Shackled
  1297 | D:3      | Reached XP level 3. HP: 30/35 MP: 3/3
  1423 | D:3      | Learned a level 1 spell: Corona
  1674 | D:3      | Reached skill level 1 in Invocations
  1740 | D:4      | Noticed Ijyb
  1760 | D:4      | Killed Ijyb
  1760 | D:4      | Killed from afar by an orc

Levels and vault maps discovered:
D:1:      sevenhm_arrival_forest_fort_large_2, layout_loops_ring,
          hangedman_decor_opposing, roderic_roman_lattice,
          hangedman_decor_points
D:2:      layout_basic
D:3:      layout_loops_ring, led_sif_book, ashenzari_conservatory_becter,
          minmay_puff
D:4:      layout_basic, okawaru_gym_becter, kiku_gazebo_garden_becter,
          kennysheep_slug_shrine, uniq_ijyb

Skill      XL: |  1  2  3 |
---------------+----------+-----
Poison Magic   | 2 |  2.1
Invocations    | 1 |  1.0
Fighting       | |  6.5
Short Blades   | |  0.9
Long Blades    | |  4.5
Axes           | |  0.9
Maces & Flails | |  0.9
Polearms       | |  0.9
Staves         | |  0.9
Slings         | |  0.9
Bows           | |  0.9
Crossbows      | |  0.9
Throwing       | |  0.9
Armour         | |  0.9
Dodging        | |  0.9
Stealth        | |  0.9
Shields        | |  4.5
Unarmed Combat | |  0.9
Spellcasting   | |  0.9
Conjurations   | |  0.6
Hexes          | |  0.6
Charms         | |  0.6
Summonings     | |  0.6
Necromancy     | |  0.6
Translocations | |  0.6
Transmutations | |  0.6
Fire Magic     | |  0.6
Ice Magic      | |  0.6
Air Magic      | |  3.8
Earth Magic    | |  0.6
Evocations     | |  0.9

Action                   || total
-------------------------++-------
Melee: Whip              ||    98
       Bite              ||    18
       Dagger            ||     4
       Falchion          ||    39
Throw: Dart              ||     1
 Cast: Sting             ||     1
  Use: Scroll            ||     5
       Potion            ||     4
  Eat: Ration            ||     2
Armor: Chain mail        ||    73
       Robe              ||     1
Dodge: Dodged            ||    42
Block: Kite shield       ||    75
       Rpst.: Falchion   ||     7

Table legend:
 A = Non-vault XP
 B = Vault XP
 C = Vault XP percentage of total XP
 D = Non-vault monster count
 E = Vault monster count
 F = Vault count percentage of total count
                 A         B        C        D         E       F
            +---------+---------+-------+---------+---------+-------
      Total |      74 |       0 |   0.0 |      26 |       0 |   0.0
            +---------+---------+-------+---------+---------+-------
        D:1 |       9 |       0 |   0.0 |       5 |       0 |   0.0
        D:2 |      15 |       0 |   0.0 |       6 |       0 |   0.0
        D:3 |      48 |       0 |   0.0 |      14 |       0 |   0.0
        D:4 |       2 |       0 |   0.0 |       1 |       0 |   0.0
            +---------+---------+-------+---------+---------+-------
